 Dungeon Crawl Stone Soup version 0.21-a0-641-geef9d7f (webtiles) character file.

669262 theanonym the Lord of Darkness (level 27, 0/180 HPs)
             Began as a Deep Elf Necromancer on Dec 29, 2017.
             Was the Champion of Kikubaaqudgha.
             Slain by an ancient champion
             ... wielding a +3 great sword
              (4 damage)
             ... on level 3 of the Tomb of the Ancients on Dec 30, 2017.
             The game lasted 07:52:11 (84219 turns).

theanonym the Lord of Darkness (DENe)              Turns: 84219, Time: 07:52:12

Health: 0/180      AC: 16    Str: 10    XL:     27
Magic:  7/70       EV: 23    Int: 48    God:    Kikubaaqudgha [******]
Gold:   4261       SH: 18    Dex: 15    Spells: 6/72 levels left

rFire    + + +     SeeInvis +   a - staff of energy {+Channel Hungerless}
rCold    + + +     Gourm    .   p - +5 shield {reflect}
rNeg     + + +     Faith    .   U - +2 robe {Archmagi} {0}
rPois    ∞         Spirit   .   L - +2 helmet of Resonance {Regen+}
rElec    +         Reflect  +   u - scarf {rC+ rF+} {rF+ rC+}
rCorr    +         Harm     .   Z - +1 pair of gloves "Oxtor" {rCorr MP+9 Stlth+}
MR       +++..                  Q - +0 pair of boots of Mental Paralysis {rF++ MP+9 Dex-2 Slay+2 SInv}
Stlth    +.........             s - amulet "Daodaij" {RegenMP Str+5 Stlth-}
HPRegen  0.80/turn              b - ring "Ulloawid" {rCorr *Contam rElec rF+ Int+6}
MPRegen  0.67/turn              E - ring "Juch" {*Slow Int+8 Slay+2 Stlth-}

@: about to teleport, lich-form, slightly contaminated, slowed, deflect
missiles, very slow
A: agile 1, cold resistance 1
}: 3/15 runes: serpentine, barnacled, silver
a: End Transformation, Receive Corpses, Torment, Renounce Religion


Innate Abilities, Weirdness & Mutations

You are agile. (Dex +2)
Your flesh is cold resistant. (rC+)


   Skills:
 + Level 20.3 Fighting
 - Level 15.0 Dodging
 - Level 2.4 Stealth
 - Level 15.0 Shields
 - Level 23.3 Spellcasting
 - Level 10.0 Conjurations
 - Level 5.0 Charms
 - Level 11.3 Summonings
 - Level 25.9 Necromancy
 - Level 13.0 Transmutations
 - Level 5.9 Ice Magic
 - Level 5.0 Air Magic
 - Level 10.0 Earth Magic
 - Level 19.6 Evocations


You had 6 spell levels left.
You knew the following spells:

 Your Spells              Type           Power        Failure   Level  Hunger
a - Haunt                 Necr/Summ      #########.   1%          7    N/A
b - Borgnjor's Vile Clut  Necr/Erth      #########.   0%          5    N/A
d - Simulacrum            Ice/Necr       #########.   1%          6    N/A
e - Sublimation of Blood  Necr           #########.   0%          2    N/A
f - Bolt of Draining      Conj/Necr      #########.   0%          5    N/A
g - Ozocubu's Armour      Chrm/Ice       ########     1%          3    N/A
h - Infestation           Necr           #########.   1%          8    N/A
j - Dispel Undead         Necr           ########     0%          5    N/A
k - Necromutation         Tmut/Necr      #########.   1%          8    N/A
l - Blink                 Tloc           N/A          1%          2    N/A
q - Apportation           Tloc           ######       1%          1    N/A
r - Regeneration          Chrm/Necr      #########.   0%          3    N/A
t - Deflect Missiles      Chrm/Air       ########..   4%          6    N/A
x - Aura of Abjuration    Summ           ########..   1%          5    N/A

Skill      XL: |  1  2  3  4  5  6  7  8  9 10 11 12 13 14 15 16 17 18 19 20 21 22 23 24 25 26 27 |
---------------+----------------------------------------------------------------------------------+-----
Necromancy     | 5 6 7 8 9 10 11 12 13 16 18 20 21 22 24 25 | 25.9
Spellcasting   | 4 5 6 7 9 10 11 13 15 16 18 19 20 21 22 23 | 23.3
Charms         | 2 3 5 |  5.0
Ice Magic      | 2 3 5 |  5.9
Earth Magic    | 5 7 10 | 10.0
Fighting       | 1 4 5 7 8 10 12 13 15 16 18 19 20 | 20.3
Dodging        | 4 7 9 10 14 15 | 15.0
Conjurations   | 5 8 10 | 10.0
Shields        | 4 10 14 15 | 15.0
Summonings     | 10 11 | 11.3
Transmutations | 10 13 | 13.0
Air Magic      | 5 |  5.0
Evocations     | 8 11 13 14 16 19 | 19.6
Stealth        | |  2.4

Action                   |  1- 3 |  4- 6 |  7- 9 | 10-12 | 13-15 | 16-18 | 19-21 | 22-24 | 25-27 || total
-------------------------+-------+-------+-------+-------+-------+-------+-------+-------+-------++-------
Melee: Unarmed           |     6 |       |       |       |       |       |    14 |       |       ||    20
       Dagger            |       |    44 |   283 |    30 |       |       |       |       |       ||   357
       Staff             |       |       |       |       |    26 |    10 |    19 |    12 |    16 ||    83
Throw: Throwing net      |       |       |       |       |     1 |       |       |     1 |     2 ||     4
 Cast: Pain              |    67 |   116 |   156 |    69 |    16 |       |       |       |       ||   424
       Animate Skeleton  |     6 |     2 |       |       |       |       |       |       |       ||     8
       Vampiric Draining |     3 |     6 |    13 |    12 |     4 |     1 |       |       |       ||    39
       Animate Dead      |       |    10 |    14 |    38 |    65 |    49 |    12 |     1 |       ||   189
       Regeneration      |       |     3 |     6 |    18 |    24 |    56 |    19 |     2 |     1 ||   129
       Ozocubu's Armour  |       |     1 |    14 |    10 |     8 |    35 |    13 |     7 |     1 ||    89
       Borgnjor's Vile C |       |       |    31 |    57 |    82 |    94 |    88 |   164 |   119 ||   635
       Bolt of Draining  |       |       |       |    92 |   277 |   308 |   200 |   353 |   175 ||  1405
       Throw Icicle      |       |       |       |    13 |    25 |    22 |    12 |    17 |       ||    89
       Sublimation of Bl |       |       |       |    23 |    50 |   114 |    32 |     3 |       ||   222
       Dispel Undead     |       |       |       |       |    14 |    51 |   229 |    14 |   140 ||   448
       Infestation       |       |       |       |       |    14 |    43 |    57 |    43 |    54 ||   211
       Haunt             |       |       |       |       |       |    23 |    28 |    32 |    92 ||   175
       Necromutation     |       |       |       |       |       |       |    49 |    42 |    67 ||   158
       Deflect Missiles  |       |       |       |       |       |       |     2 |     4 |     3 ||     9
       Simulacrum        |       |       |       |       |       |       |       |     5 |    16 ||    21
       Aura of Abjuratio |       |       |       |       |       |       |       |       |    15 ||    15
       Blink             |       |       |       |       |       |       |       |       |     6 ||     6
Invok: Receive Corpses   |       |       |     1 |     1 |     1 |       |       |     2 |     7 ||    12
       Receive Necronomi |       |       |       |       |     1 |       |       |       |       ||     1
 Abil: End Transformatio |       |       |       |       |       |       |       |     1 |     3 ||     4
Evoke: Wand              |       |     1 |    13 |     7 |     7 |     3 |       |       |       ||    31
       Staff of energy   |       |       |       |       |       |       |       |   225 |   361 ||   586
       Fan of gales      |       |       |       |       |       |       |       |     1 |       ||     1
       Lamp of fire      |       |       |       |       |       |       |       |       |     1 ||     1
  Use: Scroll            |       |     6 |     7 |    11 |    11 |    18 |    12 |    20 |    19 ||   104
       Potion            |       |       |     4 |       |     1 |     4 |     1 |     1 |     3 ||    14
 Stab: Sleeping          |       |       |     1 |       |     1 |       |       |       |       ||     2
       Confused          |       |       |     3 |       |       |       |       |       |       ||     3
       Paralysed         |       |       |     2 |       |       |       |       |       |       ||     2
       Distracted        |       |       |       |       |       |       |     1 |       |       ||     1
  Eat: Chunk             |     3 |     3 |     9 |    13 |    12 |    45 |    16 |     5 |     3 ||   109
       Ration            |       |     3 |     5 |    10 |    13 |     7 |     7 |     6 |     4 ||    55
Armor: Robe              |     1 |    20 |   116 |    34 |    11 |    35 |    20 |    25 |    45 ||   307
       Skin              |       |       |     1 |       |       |       |       |       |       ||     1
Dodge: Dodged            |    10 |    42 |   188 |    56 |    90 |   126 |    94 |   197 |   180 ||   983
       Deflected         |       |       |       |       |       |       |    11 |    59 |    26 ||    96
Block: Buckler           |       |       |       |     3 |    46 |   144 |    97 |    70 |    10 ||   370
       Reflection        |       |       |       |       |     9 |    61 |    28 |       |     3 ||   101
       Shield            |       |       |       |       |       |       |       |       |   192 ||   192

Inventory:

Missiles
 A - 9 throwing nets (quivered)
Armour
 p - a +5 shield of reflection (worn)
   (You took it off a tengu warrior on level 3 of the Depths)
 u - a scarf of resistance (worn) {rF+ rC+}
   (You found it in an ice cave)
 L - the +2 helmet of Resonance (worn) {Regen+}
   (You bought it in a shop on level 2 of the Orcish Mines)

   It increases your rate of regeneration.
 Q - the +0 pair of boots of Mental Paralysis (worn) {rF++ MP+9 Dex-2 Slay+2 SInv}
   (You found it on level 3 of the Vaults)

   It affects your dexterity (-2).
   It affects your accuracy and damage with ranged weapons and melee attacks
   (+2).
   It greatly protects you from fire.
   It affects your magic capacity (+9).
   It lets you see invisible.
 U - a +2 robe of the Archmagi (worn) {0}
   (You took it off an orc sorcerer on level 1 of the Orcish Mines)
 Z - the +1 pair of gloves "Oxtor" (worn) {rCorr MP+9 Stlth+}
   (You found it on level 5 of the Vaults)

   It affects your magic capacity (+9).
   It protects you from acid and corrosion.
   It makes you more stealthy.
Magical Staves
 a - an uncursed staff of energy (weapon) {+Channel Hungerless}
   (You found it on level 3 of the Elven Halls)
Jewellery
 b - the ring "Ulloawid" (left hand) {rCorr *Contam rElec rF+ Int+6}
   (You took it off a deep elf high priest on level 3 of the Elven Halls)

   [ring of resist corrosion]

   It affects your intelligence (+6).
   It protects you from fire.
   It insulates you from electricity.
   It causes magical contamination when unequipped.
 s - the amulet "Daodaij" (around neck) {RegenMP Str+5 Stlth-}
   (You took it off a yaktaur on level 3 of the Vaults)

   [amulet of magic regeneration]

   It increases your magic regeneration.
   It affects your strength (+5).
   It makes you less stealthy.
 E - the ring "Juch" (right hand) {*Slow Int+8 Slay+2 Stlth-}
   (You took it off a tengu reaver on level 3 of the Depths)

   [ring of loudness]

   It affects your intelligence (+8).
   It affects your accuracy and damage with ranged weapons and melee attacks
   (+2).
   It may slow you when you take damage.
   It makes you less stealthy.
 N - an uncursed ring of protection from fire {rF+}
   (You found it in a labyrinth)
 Y - an uncursed ring of magical power {MP+9}
   (You bought it in a shop on level 1 of the Snake Pit)
Wands
 c - a wand of clouds (4)
   (You found it on level 4 of the Lair of Beasts)
 d - a wand of digging (22)
   (You found it on level 2 of the Shoals)
 v - a wand of acid (58)
   (You found it in a labyrinth)
 P - a wand of scattershot (11)
   (You found it on level 13 of the Dungeon)
Scrolls
 f - 11 scrolls of fog
 g - 2 scrolls of enchant armour
 h - 32 scrolls of remove curse
 n - 8 scrolls of fear
 r - 25 scrolls of identify
 t - 27 scrolls of teleportation {!r}
 y - 7 scrolls of magic mapping
 G - 8 scrolls of immolation
 M - 8 scrolls of amnesia
 R - 5 scrolls of silence
 S - 2 scrolls of torment
Potions
 i - 6 potions of ambrosia
 j - 4 potions of cancellation
 k - 3 potions of resistance {rF+ rC+}
 l - 6 potions of flight
 m - 12 potions of lignification
 o - 2 potions of agility
 q - 9 potions of heal wounds
 w - 15 potions of curing
 x - 7 potions of haste
 B - 4 potions of mutation
 D - a potion of magic
 F - 2 potions of invisibility
 I - 12 potions of brilliance
Books
 z - a Necronomicon {god gift}
   (Kikubaaqudgha gifted it to you on level 6 of the Lair of Beasts)
Miscellaneous
 C - a fan of gales
   (You found it on level 4 of the Depths)
 K - 2 phantom mirrors
 V - a lamp of fire
   (You found it on level 3 of the Snake Pit)
Comestibles
 e - 54 rations


You were on level 3 of the Tomb of the Ancients.
You worshipped Kikubaaqudgha.
Kikubaaqudgha was exalted by your worship.
You were not hungry.
You were a lich.
You visited 11 branches of the dungeon, and saw 55 of its levels.
You visited the Abyss 1 time.
You also visited: Labyrinth, Trove, Ice Cave and Wizlab.

You collected 9112 gold pieces.
You spent 4851 gold pieces at shops.

Dungeon Overview and Level Annotations

Branches:
Dungeon (15/15)            Temple (0/1) D:7            Lair (6/6) D:11
 Shoals (4/4) Lair:4        Snake (4/4) Lair:4        Slime (0/5) Lair:6
    Orc (2/2) D:10            Elf (3/3) Orc:2        Vaults (5/5) D:14
  Crypt (3/3) Vaults:3       Tomb (3/3) Crypt:3      Depths (5/5) D:15
    Zot (5/5) Depths:5

Altars:
Fedhas
Kikubaaqudgha
Makhleb
Okawaru
Vehumet
Wu Jian
Xom
Yredelemnul
Zin
The Shining One
Jiyva

Shops:
D:14 *   Orc:1 *   Orc:2 [%}(   Elf:3 *   Shoals:2 %   Snake:1 ==}   Vaults:1 ?
Vaults:3 (   Depths:1 :*!

Portals:
Hell: Depths:1 Depths:2 Depths:3 Depths:4 Depths:5
Abyss: Depths:1 Depths:2 Depths:4
Pandemonium: Depths:3 Depths:5
Ziggurat: Depths:5

Annotations:
D:7 1 runed door, 7 exclusions
Lair:1 1 exclusion
Lair:3 exclusion: oklob plant


Message History

The death scarab bites you!
* * * LOW HITPOINT WARNING * * *
The death scarab drains your vigour!
You feel yourself slow down.
The death scarab draws strength from your injuries!
The greater mummy casts a spell at you. Something smites you!
* * * LOW HITPOINT WARNING * * *
A guardian mummy comes into view.
You take 10 damage, and have 37/180 hp.
Unknown command.
Okay, then.
Unknown command.
Here: a guardian mummy 39 gold pieces.
The floor.
Unknown command.
Blink to where?
As you read the scroll of blinking, it crumbles to dust.
The greater mummy hits you!
* * * LOW HITPOINT WARNING * * *
The death scarab misses you.
You take 15 damage, and have 22/180 hp.
Unknown command.
Blink to where?
As you read the scroll of blinking, it crumbles to dust.
A mummy, a guardian mummy and a flying skull come into view.
The flying skull gives a hideous shriek!
You hear a hideous shriek!
You hear a loud "Zot"!
An ushabti comes into view.
Blink to where?
You are lightly contaminated with residual magic.
As you read the scroll of blinking, it crumbles to dust.
A greater mummy, a flying skull and a death scarab come into view.
The greater mummy calls on the powers of darkness!
Kikubaaqudgha partially shields you from torment!
Your body is wracked with pain!
* * * LOW HITPOINT WARNING * * *
A death scarab comes into view.
You take 2 damage, and have 21/180 hp.
You feel much better. You block the death scarab's attack.
The ushabti shakes and rattles.
The vile air hits the death scarab.
The vile air hits the flying skull.
The vile air hits you!
* * * LOW HITPOINT WARNING * * *
The ushabti shakes and rattles deafeningly!
A guardian mummy, a flying skull, a skeletal warrior and an ushabti come into view.
You regained 18 hp, and now have 39/180 hp.
Here: a death scarab (moderately damaged)
The floor.
Unknown command.
Unknown command.
Unknown command.
Unknown command.
You feel a surge of power!
Your body is suffused with negative energy!
The flying skull gives a hideous shriek!
* * * LOW MAGIC WARNING * * *
The death scarab misses you. You block the death scarab's attack.
A huge blade swings out and slices into the spectral eight-headed hydra!
The skeletal warrior moves out of view.
The greater mummy casts a spell.
You block the death scarab's attack. You block the flying skull's attack.
A mummy, a guardian mummy, a greater mummy and a zombie come into view.
You regained 2 hp, and now have 41/180 hp.
You now have 4/70 mp.
Okay, then.
Unknown command.
Really read
t - 28 scrolls of teleportation {!r}?
As you read the scroll of teleportation {!r}, it crumbles to dust.
You feel strangely unstable.
You feel yourself speed up.
The mana viper disappears in a puff of smoke! x2
The death scarab completely misses you. You block the death scarab's attack.
The flying skull closely misses you.
The ushabti shakes and rattles deafeningly!
The flying skull completely misses you.
A huge blade swings out and slices into the bennu!
A guardian mummy and a greater mummy come into view.
As you read the scroll of fog, it crumbles to dust.
The scroll dissolves into smoke.
You block the death scarab's attack. The death scarab bites you!!
* * * LOW HITPOINT WARNING * * *
The death scarab drains your vigour!
You feel yourself slow down. The flying skull closely misses you.
The flying skull misses you. You block the flying skull's attack.
The greater mummy gestures at you while chanting.
Something smites you!
* * * LOW HITPOINT WARNING * * *
The ushabti shakes and rattles deafeningly!
The flying skull hits you!
* * * LOW HITPOINT WARNING * * *
A guardian mummy and a skeletal warrior come into view.
You take 39 damage, and have 3/180 hp.
MASSIVE DAMAGE!!
Blink to where?
As you read the scroll of blinking, it crumbles to dust. 14 mummies, 3 skeletons and an ancient champion come into view.
You found a bolt trap!
The ancient champion hits you with an enchanted great sword.
You die...
Kikubaaqudgha rasps: "You have failed me!
Welcome... oblivion!" .M§[## .bM..## [...... #... .....<## ...MMMM

#<... .......##...ZMMM
#..... ...^.s..##.M...M
...... $$...^..##..MM..
#......
}$$....M.#.%..MM#.......
$$$$..M..#.zMM%M#Z.Z....
[$$$Z...b)b..MM8Lz......
$$$^$Z..M#..%%Mz#Z.....[
$$}?$....#.MMMSz#......$
$$$M"$..##..§8Ms##....}$
$$$[$$..##†%§§Sz# ....$$
#$?$$$$###†÷§Msz# #.^.$$
##/$$$## #†.÷§§s# #..$$
##### ######## ####


You could see 6 greater mummies, a bennu, an ancient champion, 3 mummy priests,
2 skeletal warriors, 2 mana vipers, 13 guardian mummies, 2 ushabtiu, 3 death
scarabs, 3 flying skulls, 2 mummies, a snapping turtle zombie, a spiny frog
skeleton, an ettin skeleton and a fire giant skeleton.

Notes
Turn   | Place    | Note
-------+----------+-------------------------------------------
     0 | D:1      | theanonym the Deep Elf Necromancer began the quest for the Orb.
     0 | D:1      | Reached XP level 1. HP: 10/10 MP: 6/6
   328 | D:1      | Reached skill level 5 in Necromancy
   377 | D:1      | Reached XP level 2. HP: 9/15 MP: 1/8
   590 | D:1      | Learned a level 1 spell: Animate Skeleton
  1055 | D:1      | Reached XP level 3. HP: 18/19 MP: 8/10
  1060 | D:1      | Learned a level 3 spell: Vampiric Draining
  1834 | D:2      | Reached skill level 4 in Spellcasting
  1834 | D:2      | Reached skill level 6 in Necromancy
  1874 | D:2      | Reached XP level 4. HP: 15/24 MP: 4/12
  2075 | D:2      | Learned a level 4 spell: Animate Dead
  2881 | D:3      | Noticed Robin
  3138 | D:3      | Killed Robin
  3139 | D:3      | Reached XP level 5. HP: 20/28 MP: 4/13
  3149 | D:3      | HP: 14/28 [poisoned by Robin]
  3156 | D:3      | HP: 13/28 [poisoned by Robin]
  3164 | D:3      | HP: 11/28 [poisoned by Robin]
  3349 | D:3      | Learned a level 3 spell: Regeneration
  3405 | D:3      | Noticed Sigmund
  3736 | D:4      | Reached skill level 7 in Necromancy
  3743 | D:4      | HP: 12/28 [orc priest/divine providence (11)]
  3932 | D:4      | Reached skill level 1 in Charms
  4096 | D:4      | Reached skill level 5 in Spellcasting
  4101 | D:4      | Reached skill level 2 in Charms
  4532 | D:5      | Entered Level 5 of the Dungeon
  4563 | D:5      | Reached XP level 6. HP: 28/32 MP: 2/15
  4711 | D:5      | Found a glowing golden altar of the Shining One.
  4716 | D:5      | Learned a level 3 spell: Ozocubu's Armour
  5149 | D:3      | Killed Sigmund
  5149 | D:3      | Reached skill level 6 in Spellcasting
  5149 | D:3      | Reached skill level 3 in Charms
  5149 | D:3      | Reached skill level 8 in Necromancy
  5253 | D:5      | Reached XP level 7. HP: 26/36 MP: 8/18
  5519 | D:5      | Reached skill level 4 in Charms
  5544 | D:5      | HP: 16/36 [phantom (8)]
  5601 | D:5      | Learned a level 5 spell: Borgnjor's Vile Clutch
  5724 | D:5      | Reached skill level 5 in Charms
  6026 | D:6      | Found an iron altar of Okawaru.
  6042 | D:6      | Found an ancient bone altar of Kikubaaqudgha.
  6044 | D:6      | Found a blossoming altar of Fedhas.
  6052 | D:6      | Reached skill level 1 in Ice Magic
  6088 | D:6      | Became a worshipper of Kikubaaqudgha
  6119 | D:6      | HP: 14/36 [ogre/giant club (18)]
  6120 | D:6      | HP: 5/36 [ogre/giant club (15)]
  6121 | D:6      | Reached skill level 7 in Spellcasting
  6394 | D:6      | Reached skill level 9 in Necromancy
  6394 | D:6      | Reached skill level 2 in Ice Magic
  6394 | D:6      | Reached XP level 8. HP: 35/41 MP: 12/21
  6514 | D:6      | Found an ornate altar of the Wu Jian Council.
  6713 | D:6      | HP: 20/41 [orc/trident (8)]
  6928 | D:6      | Reached skill level 3 in Ice Magic
  7103 | D:5      | HP: 18/41 [centaur/arrow (8)]
  7105 | D:5      | Reached skill level 2 in Earth Magic
  7342 | D:6      | Noticed Eustachio
  7370 | D:6      | Found a shimmering altar of Xom.
  7370 | D:6      | Found a burning altar of Makhleb.
  7515 | D:6      | Reached * piety under Kikubaaqudgha
  7515 | D:6      | Identified Kikubaaqudgha's Volume of Necromancy {god gift} (Kikubaaqudgha gifted it to you on level 6 of the Dungeon)
  7515 | D:6      | Received a gift from Kikubaaqudgha
  7618 | D:6      | Reached skill level 3 in Earth Magic
  7620 | D:6      | Reached skill level 4 in Earth Magic
  7624 | D:6      | Reached skill level 5 in Earth Magic
  8213 | D:7      | Reached skill level 1 in Fighting
  8353 | D:7      | Found a staircase to the Ecumenical Temple.
  8360 | D:7      | Noticed Menkaure
  8369 | D:7      | Killed Menkaure
  8369 | D:7      | Reached XP level 9. HP: 48/48 MP: 12/22
  8444 | D:7      | Found a glowing silver altar of Zin.
  8455 | D:7      | Noticed an angel
  8456 | D:7      | Found a runed door.
  8469 | D:7      | Found an iron altar of Okawaru.
  8482 | D:7      | Reached skill level 6 in Earth Magic
  8484 | D:7      | Reached skill level 2 in Fighting
  8685 | D:7      | Reached skill level 10 in Necromancy
  9075 | D:7      | Reached skill level 3 in Fighting
  9086 | D:7      | HP: 24/50 [electric eel/bolt of electricity (10)]
  9099 | D:7      | Reached ** piety under Kikubaaqudgha
  9117 | D:7      | Learned a level 2 spell: Sublimation of Blood
  9688 | D:6      | Killed Eustachio
  9688 | D:6      | Reached skill level 8 in Spellcasting
  9688 | D:6      | Reached skill level 7 in Earth Magic
  9691 | D:6      | Found a basalt altar of Yredelemnul.
  9797 | D:8      | Got a shimmering helmet
  9808 | D:8      | Identified the cursed +0 helmet of Joitugir {rElec} (You found it on level 8 of the Dungeon)
 10117 | D:8      | Learned a level 4 spell: Throw Icicle
 10124 | D:8      | Reached skill level 4 in Fighting
 10313 | D:8      | Found an ancient bone altar of Kikubaaqudgha.
 10472 | D:8      | Reached skill level 9 in Spellcasting
 10902 | D:9      | Reached XP level 10. HP: 57/58 MP: 17/25
 11093 | D:9      | Reached skill level 11 in Necromancy
 11105 | D:9      | HP: 25/58 [something/magic dart (6)]
 11144 | D:8      | HP: 25/58 [yak (13)]
 11437 | D:9      | HP: 25/58 [yak (15)]
 11448 | D:9      | Reached skill level 5 in Fighting
 11448 | D:9      | Reached skill level 10 in Spellcasting
 11456 | D:9      | HP: 25/59 [wyvern (7)]
 12005 | D:9      | Reached skill level 3 in Dodging
 12199 | D:10     | Entered Level 10 of the Dungeon
 12204 | D:10     | Noticed Joseph
 12205 | D:10     | Reached *** piety under Kikubaaqudgha
 12205 | D:10     | Identified Kikubaaqudgha's Disquisition on Darkness {god gift} (Kikubaaqudgha gifted it to you on level 10 of the Dungeon)
 12205 | D:10     | Received a gift from Kikubaaqudgha
 12206 | D:10     | Reached skill level 4 in Dodging
 12331 | D:10     | Found a staircase to the Orcish Mines.
 12501 | D:10     | Reached skill level 1 in Conjurations
 12613 | D:10     | Reached skill level 2 in Conjurations
 12615 | D:10     | Reached skill level 3 in Conjurations
 12844 | D:10     | Killed an unseen horror
 12844 | D:10     | Reached skill level 5 in Conjurations
 12966 | D:10     | Learned a level 5 spell: Bolt of Draining
 13102 | D:10     | Reached XP level 11. HP: 64/64 MP: 1/27
 13121 | D:10     | Killed Joseph
 13121 | D:10     | Reached skill level 6 in Conjurations
 13584 | Orc:1    | Entered Level 1 of the Orcish Mines
 13584 | Orc:1    | Noticed an orc knight
 13769 | D:11     | Reached skill level 11 in Spellcasting
 13959 | D:11     | Noticed a two-headed ogre
 13964 | D:11     | Killed a two-headed ogre
 14185 | D:11     | Noticed a brown ugly thing
 14188 | D:11     | Killed a brown ugly thing
 14376 | D:11     | Found a burning altar of Makhleb.
 14426 | D:11     | Noticed a five-headed hydra
 14431 | D:11     | Killed a five-headed hydra
 14431 | D:11     | Reached skill level 5 in Dodging
 14502 | D:11     | Found a staircase to the Lair.
 14595 | D:11     | Reached skill level 6 in Fighting
 14596 | D:11     | Noticed a two-headed ogre
 14598 | D:11     | Killed a two-headed ogre
 14598 | D:11     | Reached skill level 7 in Conjurations
 15032 | Lair:1   | Entered Level 1 of the Lair of Beasts
 15089 | Lair:1   | Reached skill level 6 in Dodging
 15309 | Lair:1   | Reached **** piety under Kikubaaqudgha
 15679 | Lair:1   | Reached skill level 8 in Conjurations
 15681 | Lair:1   | Reached skill level 7 in Dodging
 15923 | Lair:1   | Reached skill level 7 in Fighting
 16307 | Lair:1   | Noticed an eight-headed hydra
 16312 | Lair:1   | Reached XP level 12. HP: 72/72 MP: 8/29
 16313 | Lair:1   | Killed an eight-headed hydra
 16762 | Lair:2   | Noticed a death yak
 16762 | Lair:2   | Noticed a five-headed hydra
 16778 | Lair:2   | Killed a five-headed hydra
 16879 | Lair:2   | Noticed a death yak
 16879 | Lair:2   | Noticed a death yak
 16887 | Lair:2   | Noticed a death yak
 16887 | Lair:2   | Killed a death yak
 16887 | Lair:2   | Reached skill level 8 in Dodging
 16889 | Lair:2   | Noticed a death yak
 16893 | Lair:2   | Noticed a death yak
 16900 | Lair:2   | Killed a death yak
 16900 | Lair:2   | Reached skill level 9 in Conjurations
 17091 | Lair:2   | Killed a death yak
 17091 | Lair:2   | Killed a death yak
 17456 | Lair:2   | Killed a death yak
 18007 | Lair:3   | Reached skill level 9 in Dodging
 18132 | Lair:3   | Reached skill level 8 in Fighting
 18179 | Lair:3   | Found a labyrinth entrance.
 18184 | Lab      | Entered a labyrinth
 18373 | Lab      | Noticed a minotaur
 18376 | Lab      | Killed a minotaur
 18622 | Lair:3   | Reached skill level 1 in Shields
 18787 | Lair:3   | Reached skill level 2 in Shields
 18942 | Lair:3   | Killed a death yak
 18942 | Lair:3   | Reached skill level 3 in Shields
 19227 | Lair:3   | Reached skill level 4 in Shields
 19379 | Lair:4   | Reached skill level 10 in Conjurations
 19401 | Lair:4   | Found a staircase to the Shoals.
 19448 | Lair:4   | Found a staircase to the Snake Pit.
 19452 | Lair:4   | Reached skill level 12 in Necromancy
 19499 | Lair:4   | Found a frozen archway.
 19507 | Lair:4   | Reached ***** piety under Kikubaaqudgha
 19507 | Lair:4   | Reached XP level 13. HP: 71/79 MP: 8/30
 19565 | IceCv    | Entered an ice cave
 19858 | IceCv    | Reached skill level 10 in Dodging
 20396 | IceCv    | Reached skill level 9 in Fighting
 20396 | IceCv    | Reached skill level 12 in Spellcasting
 20481 | IceCv    | Noticed a frost giant
 20486 | IceCv    | Killed a frost giant
 20488 | IceCv    | Reached skill level 13 in Necromancy
 20579 | IceCv    | Got a glittering granite ring
 20704 | IceCv    | Identified the ring "Ybaoront" {+Fly Int+3} (You found it in an ice cave)
 22313 | Lair:5   | Learned a level 5 spell: Dispel Undead
 22453 | Lair:5   | Got a glittering sapphire amulet
 22462 | Lair:5   | Identified the amulet of Meafijul {-Tele Regen+ Int+3 SInv} (You found it on level 5 of the Lair of Beasts)
 22903 | Lair:5   | Reached skill level 13 in Spellcasting
 23184 | Lair:6   | Entered Level 6 of the Lair of Beasts
 23316 | Lair:6   | Reached skill level 10 in Fighting
 23511 | Lair:6   | Reached XP level 14. HP: 88/88 MP: 24/33
 23664 | Lair:5   | Reached skill level 14 in Necromancy
 23664 | Lair:5   | Reached ****** piety under Kikubaaqudgha
 24122 | Lair:6   | Reached skill level 14 in Spellcasting
 24354 | Lair:6   | Found a viscous altar of Jiyva.
 24354 | Lair:6   | Found a staircase to the Slime Pits.
 24997 | Lair:6   | Received a gift from Kikubaaqudgha
 25185 | Orc:1    | Noticed an orc warlord
 25314 | D:12     | Noticed Azrael
 25320 | D:11     | Killed Azrael
 25920 | D:12     | Noticed Rupert
 25924 | D:12     | Killed Rupert
 25924 | D:12     | Reached skill level 15 in Spellcasting
 25924 | D:12     | Reached skill level 15 in Necromancy
 26085 | D:12     | Learned a level 8 spell: Infestation
 27535 | D:13     | Reached skill level 16 in Necromancy
 29199 | Orc:1    | Killed an orc warlord
 29201 | Orc:1    | Reached XP level 15. HP: 92/92 MP: 2/36
 29416 | Orc:1    | Found Takos's Assorted Antiques.
 29437 | Orc:1    | Bought a scroll labeled TUNO VU DERARI for 25 gold pieces
 29437 | Orc:1    | Bought a scratched emerald ring for 125 gold pieces
 30401 | Orc:2    | Entered Level 2 of the Orcish Mines
 30405 | Orc:2    | Reached skill level 11 in Dodging
 30442 | Orc:2    | Found a staircase to the Elven Halls.
 30892 | Orc:2    | Reached skill level 17 in Necromancy
 30925 | Orc:2    | Reached skill level 12 in Dodging
 30926 | Orc:2    | Found Vubeylob's Gadget Shop.
 30926 | Orc:2    | Found Codilora's Weapon Shoppe.
 30928 | Orc:2    | Found Juhoeff's Antique Armour Emporium.
 30928 | Orc:2    | Found Powkidwo's Food Shop.
 30940 | Orc:2    | Bought a pair of glowing boots for 187 gold pieces
 30940 | Orc:2    | Bought a spiked helmet for 237 gold pieces
 30940 | Orc:2    | Bought a pair of distressingly furry boots for 237 gold pieces
 30953 | Orc:2    | Identified the +2 helmet of Resonance {Regen+} (You bought it in a shop on level 2 of the Orcish Mines)
 30963 | Orc:2    | Identified the +1 pair of boots of the Realms {rC++} (You bought it in a shop on level 2 of the Orcish Mines)
 31440 | Snake:1  | Entered Level 1 of the Snake Pit
 31659 | Snake:1  | Identified a +0 pair of boots of running (You bought it in a shop on level 2 of the Orcish Mines)
 32417 | Snake:1  | Found Buih's Gadget Shoppe.
 32417 | Snake:1  | Found Tiuthrila's Jewellery Boutique.
 32418 | Snake:1  | Found Mogiss's Jewellery Boutique.
 32431 | Snake:1  | Bought the brooch of Shielding {Reflect SH+8} for 1381 gold pieces
 32431 | Snake:1  | Found the brooch of Shielding {Reflect SH+8}
 32529 | Snake:1  | Noticed Aizul
 32533 | Snake:1  | Reached skill level 13 in Dodging
 32533 | Snake:1  | Reached skill level 18 in Necromancy
 32571 | Snake:1  | Killed Aizul
 33420 | Snake:2  | Noticed a nagaraja
 33424 | Snake:2  | HP: 44/92 [nagaraja/poison arrow (45)]
 33429 | Snake:2  | HP: 44/92 [poisoned by a nagaraja (poison arrow)]
 33434 | Snake:2  | Killed a nagaraja
 34433 | Snake:2  | Reached skill level 14 in Dodging
 34433 | Snake:2  | Reached XP level 16. HP: 68/98 MP: 2/37
 34444 | Snake:2  | HP: 44/98 [shock serpent/electric aura (13)]
 34867 | Snake:3  | Noticed Louise
 34873 | Snake:3  | Killed Louise
 35333 | Snake:3  | Reached skill level 19 in Necromancy
 35745 | Snake:3  | Reached skill level 15 in Dodging
 36516 | Snake:3  | Upgraded the game from 0.21-a0-634-gaf8bc5d to 0.21-a0-641-geef9d7f
 36643 | Shoals:1 | Entered Level 1 of the Shoals
 37554 | Shoals:1 | Reached skill level 11 in Fighting
 38182 | Shoals:2 | Reached skill level 20 in Necromancy
 38479 | Shoals:2 | Noticed Polyphemus
 38483 | Shoals:2 | Killed Polyphemus
 38483 | Shoals:2 | Reached skill level 12 in Fighting
 38487 | Shoals:2 | Found Hyph's Food Shoppe.
 38558 | Shoals:2 | Reached XP level 17. HP: 93/106 MP: 22/38
 38561 | Shoals:2 | Noticed a kraken
 38566 | Shoals:2 | Killed a kraken
 38586 | Shoals:2 | Learned a level 7 spell: Haunt
 38713 | Shoals:2 | Reached skill level 1 in Summonings
 38738 | Shoals:2 | Reached skill level 2 in Summonings
 39047 | Shoals:3 | Reached skill level 3 in Summonings
 39162 | Shoals:3 | Reached skill level 4 in Summonings
 39439 | Shoals:3 | Reached skill level 5 in Summonings
 39921 | Snake:1  | Bought an uncursed ring of magical power for 380 gold pieces
 40087 | D:14     | Found a gate to the Vaults.
 40087 | D:14     | Noticed Nessos
 40286 | Elf:1    | Entered Level 1 of the Elven Halls
 40291 | Elf:1    | Reached skill level 6 in Summonings
 40631 | Elf:1    | Reached skill level 7 in Summonings
 40986 | Elf:1    | Reached skill level 8 in Summonings
 41352 | Elf:2    | HP: 21/108 [deep elf archer/arrow (18)]
 41372 | Elf:2    | HP: 48/108 [deep elf archer/arrow (7)]
 41427 | Elf:2    | Found a magical portal.
 41470 | WizLab   | Entered Zonguldrok's Shrine
 41512 | WizLab   | Reached skill level 9 in Summonings
 41630 | WizLab   | Found the +9 sword of Zonguldrok {reap}
 41647 | WizLab   | Identified Theurgy in Simple Steps
 41691 | WizLab   | Noticed an antique lich
 41696 | WizLab   | Noticed a Tzitzimitl
 41696 | WizLab   | Killed an antique lich
 41836 | Elf:2    | Identified a scroll of acquirement
 41838 | Elf:2    | Identified the ring of Qemuav {rElec rC+ Str-5 Stlth+} (You acquired it on level 2 of the Elven Halls)
 41869 | Elf:2    | Reached skill level 10 in Summonings
 42030 | Elf:2    | Found a runed gate.
 42050 | Elf:2    | Found a runed gate.
 42050 | Elf:2    | Found a runed gate.
 42352 | Elf:2    | HP: 52/108 [dire flail of protection (34)]
 42814 | Elf:2    | Reached skill level 16 in Spellcasting
 42822 | Elf:2    | Learned a level 2 spell: Blink
 42923 | Elf:2    | Reached skill level 13 in Fighting
 43046 | Elf:2    | Noticed a deep elf blademaster
 43055 | Elf:2    | Killed a deep elf blademaster
 43055 | Elf:2    | Reached XP level 18. HP: 114/114 MP: 0/40
 43485 | Snake:4  | Entered Level 4 of the Snake Pit
 43713 | Snake:4  | HP: 42/115 [shock serpent/bolt of electricity (26)]
 43724 | Snake:4  | HP: 57/115 [naga sharpshooter/bolt (10)]
 43745 | Snake:4  | HP: 48/116 [naga sharpshooter/bolt (26)]
 43756 | Snake:4  | Reached skill level 14 in Fighting
 44169 | D:14     | Killed Nessos
 44844 | D:14     | Identified the ring "Zexauso" {rPois EV+2 Str+4} (You acquired it on level 14 of the Dungeon)
 44880 | D:14     | Found Zemopawn's Assorted Antiques.
 44885 | D:14     | Bought 2 green potions for 52 gold pieces
 45079 | D:15     | Entered Level 15 of the Dungeon
 45249 | D:15     | Found a staircase to the Depths.
 45635 | D:15     | Identified the Disquisition on Transformation and Poisoning
 46273 | Shoals:4 | Entered Level 4 of the Shoals
 46346 | Shoals:4 | Noticed Ilsuiw
 46367 | Shoals:4 | Killed Ilsuiw
 46435 | Shoals:4 | Reached skill level 17 in Spellcasting
 46518 | Shoals:4 | Reached skill level 15 in Fighting
 46900 | Shoals:4 | Identified Sif Muna's Collected Works on Enthralling Shape Shifting
 47226 | Shoals:4 | Reached skill level 18 in Spellcasting
 47292 | Shoals:4 | Got a barnacled rune of Zot
 47608 | Snake:4  | Reached XP level 19. HP: 87/124 MP: 15/43
 47608 | Snake:4  | HP: 39/124 [naga sharpshooter/arrow (28)]
 47613 | Snake:4  | HP: 34/124 [poisoned by a guardian serpent (bolt of poison)]
 47618 | Snake:4  | HP: 35/124 [poisoned by a guardian serpent (bolt of poison)]
 47623 | Snake:3  | HP: 41/124 [poisoned by a guardian serpent (bolt of poison)]
 47630 | Snake:3  | HP: 50/124 [poisoned by a guardian serpent (bolt of poison)]
 47637 | Snake:3  | HP: 60/124 [poisoned by a guardian serpent (bolt of poison)]
 47988 | Vaults:1 | Entered Level 1 of the Vaults
 48280 | Vaults:1 | Found Ajumehez's Magic Scroll Emporium.
 48311 | Vaults:1 | Bought a scroll of fear for 49 gold pieces
 48494 | Vaults:1 | Reached skill level 19 in Spellcasting
 48506 | Vaults:1 | Learned a level 8 spell: Necromutation
 48680 | Vaults:1 | Reached skill level 1 in Transmutations
 48854 | Vaults:1 | Reached skill level 2 in Transmutations
 49536 | Vaults:2 | Reached skill level 3 in Transmutations
 49570 | Vaults:2 | Reached skill level 4 in Transmutations
 49707 | Vaults:2 | Reached skill level 5 in Transmutations
 49808 | Vaults:2 | Reached skill level 6 in Transmutations
 49992 | Vaults:2 | Reached skill level 7 in Transmutations
 50216 | Vaults:2 | Reached skill level 8 in Transmutations
 50263 | Vaults:2 | Reached skill level 9 in Transmutations
 51133 | Vaults:3 | Identified Ecimn's Collected Works on Supportive Enhancements
 51177 | Vaults:3 | Reached skill level 10 in Transmutations
 51379 | Vaults:3 | Got a pair of polished boots
 51380 | Vaults:3 | Identified the +0 pair of boots of Mental Paralysis {rF++ MP+9 Dex-2 Slay+2 SInv} (You found it on level 3 of the Vaults)
 51663 | Vaults:3 | HP: 50/124 [war gargoyle/great mace (34)]
 52227 | Vaults:3 | Reached XP level 20. HP: 125/129 MP: 9/45
 52437 | Vaults:3 | Found a staircase to the Crypt.
 52444 | Crypt:1  | Entered Level 1 of the Crypt
 52699 | Crypt:1  | Reached skill level 20 in Spellcasting
 52928 | Crypt:1  | Noticed Mara
 52933 | Crypt:1  | Reached skill level 11 in Transmutations
 52948 | Crypt:1  | Noticed theanonym's illusion
 52954 | Crypt:1  | Killed Mara
 53285 | Crypt:1  | Noticed Boris
 53289 | Crypt:1  | Killed Boris
 53376 | Crypt:1  | Iwannabefree: sup
 53376 | Crypt:1  | Iwannabefree: nahui tebe enhancer na nekru
 53377 | Crypt:1  | theanonym: Других посохов нет
 53391 | Crypt:1  | Iwannabefree: чо как диспелица
 53391 | Crypt:1  | Iwannabefree: небось ваншотаешь
 53524 | Crypt:1  | ReniFell: whats the point of using necromut in c
 53588 | Crypt:1  | Noticed Jory
 53589 | Crypt:1  | NormalPerson7: show off...
 53593 | Crypt:1  | ReniFell: lmao
 53593 | Crypt:1  | Killed Jory
 53595 | Crypt:1  | Iwannabefree: shtob slovit vanshot on revenanta
 53606 | Crypt:1  | ReniFell: da
 53606 | Crypt:1  | Iwannabefree: @?revenant
 53606 | Crypt:1  | beem: revenant (L)
                  | Spd:
    10 | HD: 18   | HP: 69-93
                  | AC/EV: 8/12
                  | Dam: 26
                  | undead, doors, evil, spellcaster, see invisible, unbreathing
                  | Res: magic(immune), cold++, poison+++, drown, rot+++, neg+++, torm
                  | Vul: holy
                  | XP: 1928
                  | Sp: spectral cloud, ghostly fireball (3d22), dispel undead (3d27), blink away [emergency]
                  | Sz: Medium
                  | Int: human.
 53606 | Crypt:1  | Iwannabefree: 3d27
 53665 | Crypt:1  | Iwannabefree: feelsgood
 53698 | Crypt:1  | Reached skill level 12 in Transmutations
 53764 | Crypt:2  | Reached skill level 21 in Necromancy
 53773 | Crypt:2  | NormalPerson7: 129 hp, gets 2-shot
 53775 | Crypt:2  | Iwannabefree: ренир
 53776 | Crypt:2  | ReniFell: da
 53777 | Crypt:2  | Iwannabefree: чо меня жак в чс кинул
 53786 | Crypt:2  | ReniFell: a che ty emu pisal
 53795 | Crypt:2  | Iwannabefree: да чет он на пустом месте порвался
 53799 | Crypt:2  | Iwannabefree: !shrug
 53799 | Crypt:2  | ReniFell: che tam
 53800 | Crypt:2  | beem: ¯\_(ツ)_/¯
 53805 | Crypt:2  | ReniFell: pereshli vk
 53840 | Crypt:2  | ReniFell: ili eto v crawle bylo
 53865 | Crypt:2  | Noticed Xtahua
 53871 | Crypt:2  | Iwannabefree: >ну так как книжки читать для лохов...
 53873 | Crypt:2  | Killed Xtahua
 53876 | Crypt:2  | Iwannabefree: чую это было лендмайном
 53886 | Crypt:2  | ReniFell: vot dodik
 53886 | Crypt:2  | Iwannabefree: кстати его хуйню я прочитал
 53886 | Crypt:2  | Iwannabefree: и плевался потом целый вечер
 53886 | Crypt:2  | Iwannabefree: как говна поел...
 53886 | Crypt:2  | Iwannabefree: кайф...
 53886 | Crypt:2  | Iwannabefree: белый квадрат
 53956 | Crypt:2  | Iwannabefree: чо пацаны постмодернизм
 54590 | Crypt:2  | ReniFell: da pizdec
 55646 | Crypt:3  | Entered Level 3 of the Crypt
 55686 | Crypt:3  | Iwannabefree: утебя есть что-то кроме некры?
 55687 | Crypt:3  | Iwannabefree: #
 55759 | Crypt:3  | Iwannabefree: а вообще кстати
 55781 | Crypt:3  | Iwannabefree: все то что у тебя е сть делает юределемнул но лучше
 55783 | Crypt:3  | Iwannabefree: а без симуляк некрота нинужна
 55784 | Crypt:3  | Iwannabefree: ооф выебет
 56129 | Crypt:3  | Noticed a bone dragon
 56138 | Crypt:3  | Killed a bone dragon
 56229 | Crypt:3  | Reached skill level 11 in Summonings
 56356 | Crypt:3  | theanonym: Кину 5 хаунтов да и всё
 56356 | Crypt:3  | theanonym: Вообще кристал спир хотелось бы найти
 56431 | Crypt:3  | Iwannabefree: а хаунт кастуется больше 1 раза?
 56432 | Crypt:3  | theanonym: Да нет капа вообще
 56438 | Crypt:3  | Iwannabefree: ммм
 56445 | Crypt:3  | Iwannabefree: выглядит андеррейтет
 56456 | Crypt:3  | Iwannabefree: давно не видел его в действии
 56601 | Crypt:3  | Identified Soocyj's Volume of Unholy Rites
 56645 | Crypt:3  | Iwannabefree: сделоли бы как в томе, личформа делает тебя навсегда личом
 56652 | Crypt:3  | Iwannabefree: к чему этот тидиум с рекастами
 56718 | Crypt:3  | Reached skill level 13 in Transmutations
 56774 | Crypt:3  | Found an ancient bone altar of Kikubaaqudgha.
 56781 | Crypt:3  | Reached XP level 21. HP: 134/134 MP: 36/47
 56860 | Crypt:3  | Noticed an ancient lich
 56864 | Crypt:3  | HP: 67/134 [acid (11)]
 56871 | Crypt:3  | Killed an ancient lich
 56990 | Crypt:3  | Noticed an ancient lich
 56993 | Crypt:3  | Killed an ancient lich
 57004 | Crypt:3  | Identified Ranig's Rites and Rhymes Continued
 57545 | Crypt:3  | Iwannabefree: а чего ты рандарты не чекаешь
 57547 | Crypt:3  | Iwannabefree: там может быть инт+10000
 57547 | Crypt:3  | theanonym: Какие?
 57547 | Crypt:3  | Iwannabefree: у тебя энивей помойный стафф оф дес
 57547 | Crypt:3  | Iwannabefree: которые в руках держишь
 57547 | Crypt:3  | Iwannabefree: тридент флейл хендекс флейл
 57583 | Crypt:3  | theanonym: Интересно можно ли пройти томб с одним диспелом
 57600 | Crypt:3  | Found a staircase to the Tomb.
 58092 | Crypt:3  | Noticed Bai Suzhen
 58108 | Crypt:3  | Killed Bai Suzhen
 58687 | Crypt:3  | Identified the Reference Book on Fetching Moulding
 58820 | Crypt:3  | Identified the +7 hand axe of the Foremost Ships {elec, +Blink rN+ Str+3} (You found it on level 3 of the Crypt)
 58895 | Crypt:3  | Identified the cursed +3 flail of Freehold {freeze, Dex+2} (You found it on level 3 of the Crypt)
 59240 | Vaults:3 | Found Xammo's Weapon Emporium.
 59652 | Vaults:3 | HP: 64/136 [yaktaur captain/bolt (18)]
 59901 | Vaults:3 | Reached skill level 21 in Spellcasting
 59902 | Vaults:3 | Reached skill level 16 in Fighting
 59955 | Vaults:3 | Got a brightly glowing lead amulet
 60245 | Crypt:3  | Learned a level 6 spell: Deflect Missiles
 60518 | Vaults:3 | Reached skill level 1 in Air Magic
 60524 | Vaults:3 | Reached skill level 2 in Air Magic
 60686 | Vaults:3 | Got an encrusted cloak
 60687 | Vaults:3 | Identified the +0 cloak of Disaster {rElec Str+2 Int-2} (You found it on level 3 of the Vaults)
 60688 | Vaults:3 | Identified the amulet "Daodaij" {RegenMP Str+5 Stlth-} (You took it off a yaktaur on level 3 of the Vaults)
 60753 | Vaults:3 | Reached skill level 3 in Air Magic
 60803 | Vaults:3 | Identified the +6 scimitar "Oxtebak" {drain, rElec rF+ Stlth+} (You took it off an ironheart preserver on level 3 of the Vaults)
 60864 | Vaults:4 | Iwannabefree: тумба до вольтов
 60865 | Vaults:4 | Reached skill level 4 in Air Magic
 61003 | Vaults:4 | Reached skill level 5 in Air Magic
 61018 | Vaults:4 | Noticed Frederick
 61019 | Vaults:4 | Killed Frederick
 61420 | Vaults:4 | Found a radiant altar of Vehumet.
 61420 | Vaults:4 | Found a portal to a secret trove of treasure.
 61793 | Vaults:4 | Reached XP level 22. HP: 144/144 MP: 49/49
 61889 | Vaults:4 | Iwannabefree: @?death scarab
 61889 | Vaults:4 | beem: death scarab (s)
                  | Spd:
    30 | HD: 8    | HP: 25-38
                  | AC/EV: 7/14
                  | Dam: 33(scarab)
                  | undead, evil, unbreathing
                  | Res: magic(60), poison+++, drown, rot+++, neg+++, torm
                  | Vul: holy
                  | Chunks: noxious
                  | XP:
   874 | Sz: little | Int: animal.
 61947 | Vaults:4 | Iwannabefree: >Dam: 33(scarab)
 61972 | Vaults:3 | Iwannabefree: wut
 62197 | Elf:3    | Entered Level 3 of the Elven Halls
 62198 | Elf:3    | Iwannabefree: ??scarab
 62198 | Elf:3    | beem: death scarab[1/1]: Undead Tomb pack monster seen throughout the branch. Fast, batty, and has a vampiric bite that also drains speed.
 62237 | Elf:3    | Iwannabefree: вамп заебис
 62291 | Elf:3    | Iwannabefree: вампиры и профейны лучшие слуги юры потому что сустейняца
 62511 | Elf:3    | Learned a level 1 spell: Apportation
 62592 | Elf:3    | Found Oguiczom's Assorted Antiques.
 62604 | Elf:3    | Bought 2 scrolls of teleportation for 234 gold pieces
 62604 | Elf:3    | Iwannabefree: wow
 62628 | Elf:3    | Noticed Nikola
 62634 | Elf:3    | Killed Nikola
 62634 | Elf:3    | Reached skill level 17 in Fighting
 62731 | Elf:3    | Iwannabefree: надо некромаснерам еще гостли фаербол дать
 62734 | Elf:3    | Iwannabefree: вот в томе они пиздатые
 62734 | Elf:3    | Iwannabefree: суммонят личей
 62770 | Elf:3    | Iwannabefree: которые ваншотают всех
 62861 | Elf:3    | Iwannabefree: бедные эльфиры
 62863 | Elf:3    | Oozefury: прет
 62890 | Elf:3    | Identified Emupots Gead's Volume of the Ashen Traveller
 62894 | Elf:3    | Got a twitching copper ring
 62919 | Elf:3    | Reached skill level 1 in Evocations
 62927 | Elf:3    | Reached skill level 2 in Evocations
 62985 | Elf:3    | Reached skill level 3 in Evocations
 63015 | Elf:3    | Got a coiled bronze ring
 63027 | Elf:3    | Identified the ring of the Invisible Hand {+Blink MR+} (You took it off a deep elf annihilator on level 3 of the Elven Halls)
 63028 | Elf:3    | Identified the ring "Huorph" {rElec rN+ Dex-5 Slay+4} (You took it off a deep elf blademaster on level 3 of the Elven Halls)
 63029 | Elf:3    | Identified the ring "Ulloawid" {rCorr *Contam rElec rF+ Int+6} (You took it off a deep elf high priest on level 3 of the Elven Halls)
 63344 | Elf:3    | theanonym: Ебать посох
 63344 | Elf:3    | theanonym: Не знаю его лучше взять или посох энергии чтобы ману восстанавливать
 63374 | Elf:3    | Bought 3 scrolls of identify for 234 gold pieces
 63419 | Elf:3    | Identified the +8 fustibalus of a labyrinth {flame, rF++ Dex-3} (You found it on level 3 of the Elven Halls)
 63682 | Depths:1 | Entered Level 1 of the Depths
 63685 | Depths:1 | Reached skill level 4 in Evocations
 63750 | Depths:1 | Found Kuhagrat's Book Shop.
 63757 | Depths:1 | Found a one-way gate to the infinite horrors of the Abyss.
 63863 | Depths:1 | Reached skill level 5 in Evocations
 63920 | Depths:1 | NormalPerson7: wow, 70 damage in 0.5 turns in zot:5 killed me...
 63983 | Depths:1 | Found Vuesm's Assorted Antiques.
 64003 | Depths:1 | Found a gateway to Hell.
 64003 | Depths:1 | Reached skill level 18 in Fighting
 64016 | Depths:1 | Reached skill level 6 in Evocations
 64273 | Depths:1 | Found Juavuq's Distillery.
 64281 | Depths:1 | Bought a potion of heal wounds for 60 gold pieces
 64423 | Depths:1 | Noticed the Enchantress
 64548 | Depths:1 | Killed the Enchantress
 64554 | Depths:1 | Reached skill level 7 in Evocations
 64571 | Depths:1 | NormalPerson7: from force lance
 64988 | Depths:2 | Noticed a caustic shrike
 64992 | Depths:2 | Killed a caustic shrike
 64992 | Depths:2 | Reached skill level 8 in Evocations
 65168 | Depths:2 | Reached XP level 23. HP: 153/153 MP: 50/50
 65273 | Depths:2 | Reached skill level 9 in Evocations
 65424 | Depths:2 | Iwannabefree: !lg normalperson7
 65433 | Depths:2 | beem: 241. NormalPerson7 the Conqueror (L27 FoAM of Okawaru), collided with an unnaturally hard rock wall caused by an ancient lich on Zot:5 (hall_of_Zot) on 2017-12-30 09:51:11, with 643639 points after 89604 turns and 6:22:09.
 65433 | Depths:2 | Iwannabefree: lich once shot me for 150 hp with it
 65437 | Depths:2 | Iwannabefree: and when i tried using this shit
 65438 | Depths:2 | Iwannabefree: :D
 65439 | Depths:2 | Iwannabefree: N O
 65440 | Depths:2 | Iwannabefree: D A M A g E
 65440 | Depths:2 | Iwannabefree: !log normalperson7
 65440 | Depths:2 | beem: 241. NormalPerson7, XL27 FoAM, T:89604: http://crawl.xtahua.com/crawl/morgue/NormalPerson7/morgue-NormalPerson7-20171230-095111.txt
 65734 | Depths:2 | Reached skill level 10 in Evocations
 66342 | Depths:3 | NormalPerson7: 80 damage from force lance in total
 66347 | Depths:3 | NormalPerson7: i was on 77 hp before my final turn
 66348 | Depths:3 | NormalPerson7: checked it out with tv
 66438 | Depths:3 | Learned a level 6 spell: Simulacrum
 66438 | Depths:3 | NormalPerson7: 28 sh and 14 ev
 66438 | Depths:3 | NormalPerson7: and also 50 ac
 66454 | Depths:3 | Reached skill level 22 in Necromancy
 66516 | Depths:3 | NormalPerson7: and the main part of the force lance still rolled average damage for 0 ac
 66737 | Depths:3 | NormalPerson7: !apt necro
 66737 | Depths:3 | beem: Nec: Gn: 6!, DE: 2, Te: 1, Vp: 1, DD: 1, Ds: 1, Fo: 0, Op: 0, VS: 0, HO: 0, Fe: 0, Dr: 0, Gh: 0, Ko: 0, Na: 0, Mu: 0, HE: N/A, Hu: 0, Ba: -1, Dg: -1, Og: -1, Ce: -1, Sp: -1, Tr: -2, Gr: -2, Ha: -2, Mf: -2, Mi: -3*
 66752 | Depths:3 | Found a one-way gate leading to the halls of Pandemonium.
 66939 | Depths:3 | Reached skill level 19 in Fighting
 66972 | Depths:3 | Got a fine lead ring
 67024 | Depths:3 | Got a steaming bronze ring
 67039 | Depths:3 | Got a glittering bone amulet
 67103 | Depths:3 | Identified the ring "Ostri" {rF+ Str-5 SInv Stlth-} (You took it off a tengu reaver on level 3 of the Depths)
 67104 | Depths:3 | Identified the ring "Juch" {*Slow Int+8 Slay+2 Stlth-} (You took it off a tengu reaver on level 3 of the Depths)
 67105 | Depths:3 | Identified the amulet of Atrenu {Inacc rF+ Stlth+} (You found it on level 3 of the Depths)
 67108 | Depths:3 | Reached skill level 11 in Evocations
 67573 | Depths:4 | Reached skill level 4 in Ice Magic
 68153 | Depths:4 | Reached skill level 5 in Ice Magic
 68217 | Depths:4 | Noticed a caustic shrike
 68220 | Depths:4 | Killed a caustic shrike
 68697 | Depths:5 | Entered Level 5 of the Depths
 68904 | Depths:5 | Got a glittering granite ring
 68933 | Depths:5 | Reached XP level 24. HP: 160/160 MP: 30/50
 69013 | Depths:1 | Bought the Collected Works on Supportive Ice for 1242 gold pieces
 69020 | Depths:1 | Learned a level 5 spell: Aura of Abjuration
 69079 | Depths:5 | Reached skill level 22 in Spellcasting
 69082 | Depths:5 | Reached skill level 12 in Evocations
 69318 | Depths:5 | Found a gateway to a ziggurat.
 69336 | Depths:5 | Identified the Compendium of the Creative Oath (You acquired it on level 5 of the Depths)
 69750 | Depths:5 | Reached skill level 13 in Evocations
 70079 | Depths:5 | Found a gate to the Realm of Zot.
 70803 | Snake:4  | Got a serpentine rune of Zot
 71429 | Vaults:2 | Identified the ring of Jakkeuhein {rN+ Slay+1 Stlth+} (You took it off a hell knight on level 5 of the Depths)
 71547 | Vaults:5 | Entered Level 5 of the Vaults
 71555 | Vaults:5 | HP: 69/162 [cyan very ugly thing (28)]
 71556 | Vaults:5 | Reached skill level 5 in Shields
 71556 | Vaults:5 | Reached skill level 6 in Shields
 71619 | Vaults:5 | Reached skill level 7 in Shields
 71701 | Vaults:5 | Reached skill level 8 in Shields
 71704 | Vaults:5 | jacquesderrida: Словинские
 71811 | Vaults:5 | Reached skill level 9 in Shields
 71992 | Vaults:5 | Reached skill level 10 in Shields
 72004 | Vaults:5 | jacquesderrida: С Л О В И Н С К И Е !
 72018 | Vaults:5 | jacquesderrida: Живые!
 72040 | Vaults:5 | jacquesderrida: Не мертвые!
 72055 | Vaults:5 | Reached XP level 25. HP: 148/168 MP: 16/51
 72308 | Vaults:5 | Reached skill level 11 in Shields
 72363 | Vaults:5 | Got a pair of dazzling gloves
 72538 | Vaults:5 | Reached skill level 12 in Shields
 72612 | Vaults:5 | Got a silver rune of Zot
 72777 | Vaults:5 | Identified the +1 pair of gloves "Oxtor" {rCorr MP+9 Stlth+} (You found it on level 5 of the Vaults)
 73470 | Tomb:1   | Entered Level 1 of the Tomb of the Ancients
 73651 | Tomb:1   | ReniFell: da
 73674 | Tomb:1   | Noticed a greater mummy
 73677 | Tomb:1   | Killed a greater mummy
 73681 | Tomb:1   | Noticed a greater mummy
 73685 | Tomb:1   | Killed a greater mummy
 73690 | Tomb:1   | jacquesderrida: Вчера застал посонов на беротате
 73724 | Tomb:1   | jacquesderrida: Опять была американская пати, как в старые-добрые...
 73724 | Tomb:1   | jacquesderrida: эхххххххххххххххх
 73794 | Tomb:1   | Noticed Jorgrun
 73798 | Tomb:1   | Killed Jorgrun
 73799 | Tomb:1   | Noticed a greater mummy
 73802 | Tomb:1   | Noticed a greater mummy
 73808 | Tomb:1   | Noticed a greater mummy
 73809 | Tomb:1   | Noticed a greater mummy
 73809 | Tomb:1   | Killed a greater mummy
 73809 | Tomb:1   | Reached skill level 13 in Shields
 73813 | Tomb:1   | Killed a greater mummy
 73817 | Tomb:1   | Noticed a greater mummy
 73823 | Tomb:1   | Killed a greater mummy
 73831 | Tomb:1   | Killed a greater mummy
 73833 | Tomb:1   | Killed a greater mummy
 73850 | Tomb:1   | Noticed a greater mummy
 73857 | Tomb:1   | Killed a greater mummy
 73954 | Tomb:1   | theanonym: Жоргун сломал стену к 3 этажу
 73993 | Tomb:1   | Noticed a greater mummy
 73999 | Tomb:1   | Killed a greater mummy
 73999 | Tomb:1   | Reached skill level 14 in Shields
 74003 | Tomb:1   | Noticed a greater mummy
 74010 | Tomb:1   | Noticed a greater mummy
 74010 | Tomb:1   | Killed a greater mummy
 74012 | Tomb:1   | Noticed a greater mummy
 74016 | Tomb:1   | Killed a greater mummy
 74020 | Tomb:1   | Killed a greater mummy
 74134 | Tomb:1   | Noticed a greater mummy
 74142 | Tomb:1   | Killed a greater mummy
 74194 | Tomb:1   | Noticed a greater mummy
 74196 | Tomb:1   | Noticed a greater mummy
 74196 | Tomb:1   | Noticed a greater mummy
 74199 | Tomb:1   | Noticed a greater mummy
 74207 | Tomb:1   | Killed a greater mummy
 74211 | Tomb:1   | HP: 81/168 [greater mummy/divine providence (11)]
 74212 | Tomb:1   | Killed a greater mummy
 74213 | Tomb:1   | Killed a greater mummy
 74214 | Tomb:1   | Killed a greater mummy
 74428 | Tomb:1   | Noticed a greater mummy
 74435 | Tomb:1   | Killed a greater mummy
 74453 | Tomb:1   | Noticed a greater mummy
 74455 | Tomb:1   | Noticed a greater mummy
 74458 | Tomb:1   | Noticed a greater mummy
 74462 | Tomb:1   | Killed a greater mummy
 74462 | Tomb:1   | Reached skill level 14 in Evocations
 74462 | Tomb:1   | Reached XP level 26. HP: 173/173 MP: 20/51
 74465 | Tomb:1   | Killed a greater mummy
 74465 | Tomb:1   | Reached skill level 15 in Shields
 74469 | Tomb:1   | Killed a greater mummy
 74469 | Tomb:1   | Reached skill level 20 in Fighting
 74637 | Tomb:1   | Noticed a greater mummy
 74639 | Tomb:1   | Noticed a greater mummy
 74647 | Tomb:1   | Killed a greater mummy
 74654 | Tomb:1   | Killed a greater mummy
 74659 | Tomb:1   | theanonym: Бля с одним диспелом даже 2 этаж сложно пройти
 75163 | Tomb:2   | Noticed a greater mummy
 75164 | Tomb:2   | Noticed a greater mummy
 75263 | Tomb:2   | Killed a greater mummy
 75264 | Tomb:2   | Killed a greater mummy
 75265 | Tomb:2   | Noticed a greater mummy
 75270 | Tomb:2   | Noticed a greater mummy
 75279 | Tomb:2   | HP: 74/174 [mummy priest/divine providence (14)]
 75287 | Tomb:2   | Killed a greater mummy
 75287 | Tomb:2   | Reached skill level 15 in Evocations
 75288 | Tomb:2   | Killed a greater mummy
 75288 | Tomb:2   | Reached skill level 23 in Necromancy
 75563 | Tomb:2   | ReniFell: eto potomu chto nado kachat' chto-to krome necromantii
 76102 | Depths:1 | Voluntarily entered the Abyss.
 76167 | Abyss:1  | Found an ancient bone altar of Kikubaaqudgha.
 76264 | Abyss:1  | Found an ancient bone altar of Kikubaaqudgha.
 76305 | Abyss:1  | Found an ancient bone altar of Kikubaaqudgha.
 76371 | Abyss:1  | theanonym: Только фаербло есть
 76371 | Abyss:1  | theanonym: Без вехумета ничего не найти
 76564 | Abyss:1  | Noticed an ancient lich
 76571 | Abyss:1  | Killed an ancient lich
 76602 | Depths:1 | Escaped the Abyss
 76715 | Zot:1    | Entered Level 1 of the Realm of Zot
 76721 | Zot:1    | Reached skill level 8 in Earth Magic
 76990 | Zot:1    | Noticed an orb of fire
 77004 | Zot:1    | Killed an orb of fire
 77044 | Zot:1    | Reached skill level 9 in Earth Magic
 77053 | Zot:1    | Reached skill level 16 in Evocations
 77880 | Zot:2    | Reached skill level 10 in Earth Magic
 78179 | Zot:2    | Found the +8 storm bow {elec}
 78449 | Zot:2    | Reached skill level 24 in Necromancy
 78597 | Zot:3    | Reached XP level 27. HP: 179/179 MP: 42/51
 78700 | Zot:3    | Reached skill level 17 in Evocations
 79880 | Vaults:4 | You paid a toll of +2 gold dragon scales to enter a treasure trove
 79881 | Trove    | Entered a treasure trove
 79887 | Trove    | Identified A Thorough Guide to Spellweaving
 79890 | Trove    | Identified Qulumas's Almanac of the Escort and the Volcanoes
 79899 | Trove    | Identified the Reference Book on Air and Benedictions
 79902 | Trove    | Identified Sif Muna's Volume of Evil
 79937 | Vaults:4 | theanonym: С каким болтом можно бездну пройти? Магма или молния
 79937 | Vaults:4 | ReniFell: Болты не в моде уже
 79937 | Vaults:4 | ReniFell: Игнишон нада
 79937 | Vaults:4 | ReniFell: Хотя ты уже скорее шаттер выкачаешь
 79937 | Vaults:4 | ReniFell: Ну магма если че полная параша
 79937 | Vaults:4 | ReniFell: Худший болт в игре после венома
 79937 | Vaults:4 | theanonym: Огонь ноль
 79937 | Vaults:4 | theanonym: Айрон шот бы все пробелмы решил
 79937 | Vaults:4 | ReniFell: Да
 80435 | Zot:4    | Reached skill level 18 in Evocations
 80890 | Zot:5    | Entered Level 5 of the Realm of Zot
 81135 | Zot:5    | Reached skill level 25 in Necromancy
 81289 | Zot:5    | Noticed an ancient lich
 81292 | Zot:5    | Killed an ancient lich
 81320 | Zot:5    | Noticed an ancient lich
 81324 | Zot:5    | Killed an ancient lich
 81634 | Zot:5    | Noticed an orb of fire
 81646 | Zot:5    | Killed an orb of fire
 81701 | Zot:5    | Reached skill level 19 in Evocations
 81729 | Zot:5    | Noticed an orb of fire
 81743 | Zot:5    | Killed an orb of fire
 81779 | Zot:5    | Noticed an orb of fire
 81787 | Zot:5    | Noticed an orb of fire
 81790 | Zot:5    | Killed an orb of fire
 81801 | Zot:5    | Gained mutation: Scrolls take you a little longer to read. [an orb of fire]
 81844 | Zot:5    | Noticed an orb of fire
 81853 | Zot:5    | Killed an orb of fire
 81853 | Zot:5    | Reached skill level 23 in Spellcasting
 81881 | Zot:5    | Noticed an orb of fire
 81881 | Zot:5    | Killed an orb of fire
 81912 | Zot:5    | Killed an orb of fire
 82263 | Depths:1 | Bought a potion of mutation for 96 gold pieces
 82263 | Depths:1 | Bought a potion of cancellation for 96 gold pieces
 82263 | Depths:1 | Bought a potion of cancellation for 96 gold pieces
 82263 | Depths:1 | Bought a potion of resistance for 120 gold pieces
 82263 | Depths:1 | Lost mutation: Scrolls take you a little longer to read. [potion of mutation]
 82263 | Depths:1 | Gained mutation: You are frail. (-10% HP) [potion of mutation]
 82263 | Depths:1 | Lost mutation: You are frail. (-10% HP) [potion of mutation]
 82263 | Depths:1 | Gained mutation: Your flesh is cold resistant. (rC+) [potion of mutation]
 82263 | Depths:1 | Gained mutation: You are agile. (Dex +2) [potion of mutation]
 82928 | Zot:5    | Noticed an orb of fire
 82963 | Zot:5    | Killed an orb of fire
 84180 | Tomb:3   | Entered Level 3 of the Tomb of the Ancients
 84195 | Tomb:3   | HP: 89/179 [cloud of flame (1)]
 84207 | Tomb:3   | NormalPerson7: btw it appears the trunk changes to shatter make it so that player gargoyles/statue always take 6 dice of damage irrespective of flight
 84207 | Tomb:3   | HP: 88/180 [bennu (12)]
 84210 | Tomb:3   | Noticed a greater mummy
 84211 | Tomb:3   | HP: 37/180 [greater mummy/divine providence (14)]
 84214 | Tomb:3   | NormalPerson7: going to test that out now i think
 84214 | Tomb:3   | Noticed a greater mummy
 84217 | Tomb:3   | Noticed a greater mummy
 84217 | Tomb:3   | ReniFell: wow looks fucked
 84218 | Tomb:3   | Noticed a greater mummy
 84218 | Tomb:3   | HP: 24/180 [death scarab (19)]
 84218 | Tomb:3   | HP: 3/180 [flying skull (9)]
 84219 | Tomb:3   | Noticed a greater mummy
 84219 | Tomb:3   | Noticed a greater mummy
 84219 | Tomb:3   | Noticed a greater mummy
 84219 | Tomb:3   | Slain by an ancient champion

Vanquished Creatures
  5 ancient liches
  21 greater mummies
  Boris (Crypt:1)
  Bai Suzhen (Crypt:3)
  A Killer Klown (Zot:5)
  2 caustic shrikes
  2 curse toes
  4 golden dragons
  A bone dragon (Crypt:3)
  Jory (Crypt:1)
  the Enchantress (Depths:1)
  5 liches
  Jorgrun (Tomb:1)
  12 tentacled monstrosities
  Rupert (D:12)
  15 Orb Guardians (Zot:5)
  6 quicksilver dragons
  2 titans
  A deep elf master archer (Elf:3)
  2 deep elf blademasters (Elf:3)
  6 ancient champions
  3 death cobs
  8 sphinxes
  9 shadow dragons
  Ilsuiw (Shoals:4)
  11 storm dragons
  5 tengu reavers
  9 fire giants
  A revenant (Crypt:1)
  5 draconian monks
  2 nagarajas
  2 frost giants
  A balrug (Depths:2)
  2 iron dragons (Vaults:5)
  4 ghost moths
  2 draconian knights (Zot:1)
  A curse skull (Crypt:3)
  13 vault wardens
  A draconian shifter (Zot:1)
  8 deep elf sorcerers
  3 draconian stormcallers
  5 ghouls
  2 spriggan defenders (Depths:1)
  7 ironheart preservers
  3 draconian annihilators
  5 vampire knights
  10 green draconians
  4 war gargoyles
  21 very ugly things
  11 stone giants
  A bennu (Tomb:3)
  3 deep elf demonologists
  Azrael (D:11)
  2 white draconians
  8 black draconians
  16 spark wasps
  7 yellow draconians
  7 ettins
  6 deep elf annihilators
  A red draconian (shapeshifter) (Vaults:5)
  7 purple draconians
  4 merfolk javelineers
  10 red draconians
  4 eidola
  2 jiangshi
  6 fire dragons
  A quicksilver dragon zombie (Tomb:2)
  2 deep elf death magi
  9 deep elf high priests
  11 mummy priests
  A minotaur (Lab)
  4 merfolk impalers
  A fire dragon (shapeshifter) (Depths:1)
  9 yaktaur captains
  3 great orbs of eyes
  A rakshasa (D:13)
  A quicksilver dragon skeleton (Crypt:3)
  5 naga warriors
  6 ice dragons
  5 anacondas
  3 spriggan air magi
  31 vault guards
  3 merfolk avatars
  16 two-headed ogres
  4 hydras
  2 centaur warriors
  A catoblepas (Vaults:3)
  4 death knights
  2 merfolk aquamancers
  18 death yaks
  2 satyrs (Shoals:4)
  7 ogre magi
  2 deep troll shamans (Depths:5)
  15 dancing weapons
  An alligator snapping turtle (Shoals:2)
  25 death scarabs
  2 deep troll earth magi (Depths:5)
  2 tengu warriors
  3 vampire magi
  A thrashing horror (Abyss:1)
  6 spriggan berserkers
  5 shock serpents
  2 sun demons (Depths:2)
  A shock serpent (shapeshifter) (Depths:4)
  4 naga sharpshooters
  A soul eater (Abyss:1)
  10 deep elf knights
  5 shadow wraiths
  10 hell knights
  5 large abominations (Abyss:1)
  39 skeletal warriors
  A salamander mystic (Snake:2)
  A sea snake (shapeshifter) (Vaults:5)
  13 sea snakes
  2 unseen horrors
  A deep troll (shapeshifter) (Vaults:5)
  2 storm dragon skeletons
  2 glowing orange brains
  A golden dragon skeleton (Depths:2)
  7 deep trolls
  3 naga ritualists
  2 wizards
  3 flayed ghosts
  A shadow demon (Depths:3)
  A wolf spider zombie (Crypt:2)
  9 deep elf archers
  4 necromancers
  13 harpies
  14 ironbrand convokers
  9 phantasmal warriors
  4 lindwurms (Depths:5)
  8 mana vipers
  9 orc knights
  38 deep elf magi
  A mana viper (shapeshifter) (Vaults:5)
  A harpy (shapeshifter) (D:14)
  31 ugly things
  6 salamanders
  An iron dragon zombie (Crypt:2)
  An oklob plant (Orc:1)
  2 tengu skeletons (Vaults:3)
  6 fauns
  3 orc sorcerers
  2 fire giant zombies (Crypt:3)
  2 wolf spiders
  A cyclops (shapeshifter) (Elf:1)
  8 manticores
  6 cyclopes
  2 shadow dragon skeletons (Crypt:3)
  6 elephants (Lair:6)
  7 merfolk sirens
  A stone giant skeleton (Vaults:3)
  25 black mambas
  10 naga magi
  An iron dragon skeleton (Crypt:3)
  Joseph (D:10)
  3 smoke demons (Crypt:3)
  3 centaur zombies
  7 guardian serpents
  An ice statue (IceCv)
  5 water nymphs
  2 fire giant skeletons
  12 vault sentinels
  An eye of devastation (Vaults:3)
  2 frost giant skeletons
  16 moths of wrath
  An orange demon (Depths:3)
  3 gargoyles
  12 spiny frogs
  7 freezing wraiths
  3 centaur skeletons
  7 rime drakes
  34 yaktaurs
  5 komodo dragons
  3 komodo dragons (shapeshifter)
  A yellow draconian skeleton (Crypt:3)
  3 human skeletons
  A yaktaur skeleton (Vaults:3)
  10 trolls
  A red devil (Crypt:3)
  A hydra zombie (Crypt:3)
  2 hellwings
  28 merfolk
  A death drake zombie (Crypt:1)
  16 polar bears
  8 wind drakes
  A hornet (shapeshifter) (Vaults:1)
  25 guardian mummies
  4 raiju (Abyss:1)
  3 small abominations (Abyss:1)
  11 dream sheep
  5 hornets
  7 snapping turtles
  3 blink frogs
  19 slime creatures
  An ettin zombie (Depths:2)
  A stone giant simulacrum (Crypt:2)
  A dream sheep (shapeshifter) (Vaults:4)
  3 frost giant simulacra
  2 fire giant simulacra
  3 flying skulls
  A starcursed mass (Abyss:1)
  7 hippogriffs
  5 water elementals
  A spriggan (shapeshifter) (Vaults:3)
  An alligator skeleton (Crypt:3)
  4 shadows
  6 humans (D:14)
  Sigmund (D:3)
  4 vampires (WizLab)
  18 wraiths
  Eustachio (D:6)
  2 ynoxinuls
  A black mamba skeleton (Crypt:3)
  4 fire elementals
  2 wyverns
  4 basilisks
  An ice dragon skeleton (Crypt:3)
  40 yaks
  A fire bat (Depths:4)
  A neqoxec (Abyss:1)
  2 chaos spawn (Abyss:1)
  2 hungry ghosts (Crypt:3)
  Menkaure (D:7)
  2 wargs
  2 two-headed ogre zombies (WizLab)
  A merfolk zombie (Crypt:2)
  38 nagas
  2 swamp worms (Lair:1)
  7 water moccasins
  A torturous demonspawn skeleton (Crypt:2)
  9 hell hounds
  8 porcupines
  A meliai simulacrum (D:13)
  2 elephant zombies (Lair:5)
  A deep troll skeleton (Vaults:3)
  4 ice beasts
  A black bear (shapeshifter) (Vaults:1)
  4 phantoms
  6 swamp drakes (Depths:5)
  15 orc warriors
  2 black bears
  An eye of draining (D:11)
  A spiny frog skeleton (Crypt:2)
  26 ogres
  3 sky beasts
  2 necrophages
  18 wolves (IceCv)
  22 centaurs
  18 boggarts
  7 crocodiles
  9 bullfrogs
  A wyvern zombie (D:13)
  3 big kobolds
  A deep troll simulacrum (Vaults:1)
  A water moccasin zombie (Crypt:1)
  2 scorpions
  5 troll zombies (WizLab)
  29 wights
  4 howler monkeys
  7 electric eels
  A bullfrog zombie (D:7)
  12 crimson imps
  A basilisk zombie (Lair:5)
  5 hounds
  2 quasits
  3 jellies
  A gnoll shaman (D:7)
  8 orc priests
  An iron imp (Abyss:1)
  15 orc wizards
  2 iguanas
  An iguana (shapeshifter) (Vaults:5)
  3 worker ants
  4 ogre zombies (WizLab)
  A hound skeleton (D:4)
  17 mummies
  A howler monkey zombie (D:9)
  Robin (D:3)
  8 gnolls (D:7)
  A howler monkey skeleton (D:5)
  9 adders
  2 shadow imps
  12 white imps (Lair:4)
  An ufetubus (Abyss:1)
  2 oozes (D:5)
  3 adder skeletons
  An adder zombie (D:5)
  A halfling skeleton (Crypt:2)
  An iguana zombie (Crypt:1)
  15 worms
  4 dart slugs
  7 leopard geckos
  71 orcs
  5 giant cockroaches
  2 gnoll zombies (D:6)
  9 hobgoblins
  12 jackals
  3 quokkas
  3 ball pythons
  2 ball python skeletons
  6 bats
  4 frilled lizards
  15 goblins
  A jackal skeleton (D:8)
  15 kobolds
  A kobold skeleton (Crypt:2)
  An orc skeleton (Crypt:2)
  2 quokka skeletons
  6 rats
  2 crawling corpses (Vaults:3)
  8 fungi
  15 plants
  A tentacle (Shoals:2)
  2 withered plants (Crypt:3)
1894 creatures vanquished.

Vanquished Creatures (collateral kills)
  8 orbs of fire
  An ancient lich (Crypt:3)
  Mara (Crypt:1)
  6 greater mummies
  A Killer Klown (Zot:5)
  Xtahua (Crypt:2)
  Frederick (Vaults:4)
  5 golden dragons
  Nikola (Elf:3)
  4 electric golems
  7 tentacled monstrosities
  A lich (Depths:5)
  3 deep elf blademasters
  6 titans
  A quicksilver dragon (Vaults:5)
  A deep elf master archer (Elf:3)
  10 Orb Guardians (Zot:5)
  2 death cobs
  2 tentacled starspawn (Abyss:1)
  Polyphemus (Shoals:2)
  6 shadow dragons
  A kraken (Shoals:2)
  3 sphinxes
  2 tengu reavers
  2 draconian monks (Depths:5)
  4 nagarajas
  5 fire giants
  5 storm dragons
  4 frost giants
  An iron dragon (Depths:4)
  An orc warlord (Orc:1)
  8 vault wardens
  3 draconian scorchers (Zot:1)
  A curse skull (Crypt:1)
  A balrug (Depths:4)
  9 deep elf sorcerers
  Louise (Snake:3)
  2 deep elf elementalists (Elf:3)
  2 draconian stormcallers
  Aizul (Snake:1)
  3 war gargoyles
  A draconian shifter (Zot:1)
  A spriggan defender (Depths:1)
  7 very ugly things
  7 stone giants
  Nessos (D:14)
  A vampire knight (Crypt:2)
  A green draconian (Zot:2)
  4 ironheart preservers
  6 bennus
  A deep elf demonologist (Vaults:5)
  4 deep elf annihilators
  5 white draconians
  2 purple draconians
  2 black draconians
  7 red draconians
  3 yellow draconians
  2 spark wasps
  5 merfolk javelineers (Shoals:4)
  6 deep elf death magi
  6 ettins
  3 merfolk impalers (Shoals:4)
  4 yaktaur captains
  5 fire dragons
  7 mummy priests
  A jiangshi (Depths:2)
  3 great orbs of eyes
  4 deep elf high priests (Elf:3)
  2 ice dragons
  11 naga warriors
  2 hydras
  8 vault guards
  6 centaur warriors
  A catoblepas (Shoals:2)
  8 anacondas
  2 death knights
  2 spriggan air magi
  3 deep troll shamans
  11 dancing weapons
  22 two-headed ogres
  3 satyrs
  6 ogre magi
  A merfolk aquamancer (Shoals:4)
  3 death yaks
  A deep troll earth mage (Vaults:1)
  A tengu warrior (Depths:1)
  11 death scarabs
  19 naga sharpshooters
  A spriggan berserker (Depths:1)
  A thrashing horror (Abyss:1)
  7 wretched stars (Abyss:1)
  5 shock serpents
  5 salamander mystics
  7 deep elf knights
  A sixfirhy (Abyss:1)
  5 hell knights
  2 iron trolls (Depths:5)
  13 skeletal warriors
  A storm dragon skeleton (Vaults:4)
  7 deep trolls
  2 starcursed masses (Abyss:1)
  A glowing orange brain (Vaults:4)
  3 sea snakes
  A naga ritualist (Snake:4)
  An unseen horror (D:14)
  7 deep elf archers
  An obsidian statue (Tomb:1)
  A golden dragon skeleton (Crypt:3)
  2 orb spiders (shapeshifter)
  4 ironbrand convokers
  An orange crystal statue (Vaults:4)
  A lindwurm (Depths:5)
  6 harpies
  A phantasmal warrior (Vaults:2)
  A mana viper (Snake:1)
  5 orc knights
  8 salamanders
  18 deep elf magi
  A stone giant zombie (Tomb:2)
  A manticore (Shoals:4)
  34 ugly things
  3 cyclopes
  An orc sorcerer (Orc:1)
  3 moths of wrath
  9 fauns
  4 merfolk sirens
  An eye of devastation (Abyss:1)
  A centaur zombie (D:15)
  2 water nymphs (Shoals:4)
  A guardian serpent (Snake:1)
  4 vault sentinels
  A stone giant skeleton (Vaults:3)
  7 black mambas
  A dire elephant zombie (Crypt:1)
  3 smoke demons
  A spiny frog (Lair:3)
  A centaur skeleton (D:14)
  13 naga magi
  2 gargoyles (Crypt:3)
  A rime drake (shapeshifter) (Depths:2)
  17 yaktaurs
  A rime drake (IceCv)
  A komodo dragon (Lair:6)
  A purple draconian zombie (Tomb:3)
  A grey draconian zombie (Crypt:2)
  3 hellwings
  2 efreet (D:15)
  7 freezing wraiths
  2 ancient zymes (Abyss:1)
  8 guardian mummies
  4 red devils
  A yaktaur skeleton (Vaults:3)
  A polar bear (IceCv)
  14 merfolk
  2 wind drakes
  2 trolls
  23 slime creatures
  5 snapping turtles
  3 raiju (Abyss:1)
  A hippogriff (Shoals:4)
  2 large abominations (Abyss:1)
  5 dream sheep
  6 air elementals
  A fire dragon skeleton (Crypt:3)
  A wyvern (D:9)
  An ettin skeleton (Vaults:3)
  10 flying skulls
  7 water elementals
  10 yaks
  A tarantella (shapeshifter) (Vaults:2)
  2 wraiths (Crypt:1)
  A ynoxinul (Abyss:1)
  An ushabti (Tomb:2)
  2 neqoxecs (Abyss:1)
  2 fire bats (Depths:4)
  10 humans (D:14)
  A fire elemental (Elf:1)
  2 chaos spawn (Abyss:1)
  2 wargs
  An acid dragon (Vaults:2)
  16 nagas
  A soldier ant (shapeshifter) (Depths:2)
  A water moccasin (Lair:6)
  A soldier ant (D:14)
  A human zombie (Vaults:4)
  10 orc warriors
  A small abomination (Abyss:1)
  A deep troll skeleton (Vaults:3)
  31 ogres
  An eye of draining (Vaults:3)
  A wolf (IceCv)
  2 boggarts (D:14)
  A lindwurm skeleton (Crypt:2)
  9 centaurs
  3 human skeletons (Vaults:3)
  An elf skeleton (Vaults:4)
  An earth elemental (Abyss:1)
  2 bullfrogs
  A scorpion (D:9)
  2 wights (D:15)
  2 crimson imps
  A quasit (D:6)
  A jelly (D:14)
  4 orc priests
  2 bullfrog skeletons
  5 orc wizards
  A hound zombie (D:10)
  20 mummies
  An adder (D:11)
  A shadow imp (Abyss:1)
  A worm (Lair:1)
  27 orcs
  A goblin (D:3)
  An orc skeleton (Tomb:2)
  A fungus (Lair:6)
  61 plants
  2 tentacles (Shoals:2)
950 creatures vanquished.

Vanquished Creatures (others)
  A tengu reaver (Vaults:5)
  29 death scarabs
  An apocalypse crab (Abyss:1)
  7 flying skulls
  A shadow (D:14)
  2 mummies (Tomb:1)
  2 kobolds (D:7)
  4 fungi
  17 plants
  A starspawn tentacle (Abyss:1)
  4 tentacles (Shoals:2)
  2 withered plants (Crypt:3)
71 creatures vanquished.

Grand Total: 2915 creatures vanquished

Table legend:
 A = Turns spent in this place as a percentage of turns spent in the entire game.
 B = Non-inter-level travel turns spent in this place as a percentage of non-inter-level travel turns spent in the entire game.
 C = Inter-level travel turns spent in this place as a percentage of turns spent in this place.
 D = Turns resting spent in this place as a percentage of non-inter-level travel turns spent in this place.
 E = Turns spent auto-exploring this place as a percentage of non-inter-level travel turns spent in this place.
 F = Non-inter-level travel turns spent in this place divided by the number of levels of this place that you've seen.
                   A       B       C       D       E      F
               +-------+-------+-------+-------+-------+----------------------
         Total | 100.0 | 100.0 |  12.1 |  37.2 |  42.3 | 1234.3
       Dungeon |  26.2 |  26.8 |  10.1 |  45.6 |  37.8 | 1324.0
          Lair |  11.2 |  11.0 |  13.5 |  37.5 |  47.3 | 1360.3
        Shoals |   5.3 |   5.7 |   5.3 |  30.0 |  42.8 | 1050.5
     Snake Pit |   8.0 |   8.1 |  11.2 |  52.0 |  32.4 | 1491.0
  Orcish Mines |   2.6 |   2.6 |  12.8 |  27.3 |  47.9 | 953.5
   Elven Halls |   4.8 |   5.2 |   5.9 |  29.3 |  48.2 | 1274.7
        Vaults |  11.9 |  11.4 |  15.3 |  29.2 |  47.0 | 1694.2
         Crypt |   8.9 |   8.2 |  18.9 |  48.7 |  33.6 | 2031.0
          Tomb |   3.1 |   2.9 |  16.6 |  34.9 |  38.6 | 722.7
        Depths |   8.9 |   8.5 |  15.9 |  24.8 |  52.8 | 1264.0
           Zot |   6.3 |   6.4 |  10.9 |  16.8 |  58.3 | 944.8
         Abyss |   0.6 |   0.7 |   0.0 |   0.4 |  38.4 | 500.0
     Labyrinth |   0.5 |   0.5 |   0.0 |  46.0 |   0.0 | 383.0
         Trove |   0.1 |   0.1 |   0.0 |   0.0 |  77.8 |  54.0
      Ice Cave |   1.4 |   1.6 |   0.0 |  55.1 |  19.7 | 1152.0
        Wizlab |   0.3 |   0.4 |   0.0 |  15.6 |   8.0 | 276.0
               +-------+-------+-------+-------+-------+----------------------
